 Dungeon Sprint DCSS version 0.29.1-15-g9cfb28693d (webtiles) character file.

Game seed: 5208830411503318909

10594 Groucho the Skirmisher (level 11, -4/83 HPs)
             Began as a Gnoll Wanderer on Mar 11, 2023.
             Slain by a spriggan air mage
             ... wielding the +4 scimitar of the Charming Gods {speed, rPois rN+ Will+}
              (5 damage)
             ... in the Dungeon (Sprint V: "Ziggurat Sprint").
             The game lasted 00:06:15 (1323 turns).

Groucho the Skirmisher (Gnoll Wanderer)             Turns: 1323, Time: 00:06:16

Health: -4/83      AC: 33    Str: 26    XL:     11   Next: 64%
Magic:  23/23      EV:  6    Int:  7    God:
Gold:   0          SH: 30    Dex: 14    Spells: 31/32 levels left

rFire   . . .      SeeInvis +   D - +6 shillelagh "Devastator" {shatter}
rCold   . . .      Faith    .   C - +18 shield of the Gong {rElec rN+ Will+ EV-5}
rNeg    + . .      Spirit   .   B - +15 Maxwell's patent armour {-Cast -Tele rElec Will+ rCorr}
rPois   +          Reflect  .   H - +2 helmet {SInv}
rElec   +          Harm     .   (no cloak)
rCorr   +          Rampage  .   (no gloves)
Will    ++...      NoTele   +   (no boots)
Stlth   .......... NoCast   +   (no amulet)
HPRegen 0.23/turn               y - +6 ring of strength
MPRegen 0.18/turn               E - ring of the Camelopard {rPois Str+7 Int-5 SInv}

@: slowed, very slow
A: fangs 1, strong nose, distributed training, frail 1, low MP 1
a: no special abilities


You were in the Dungeon.
You visited 1 branch

Inventory:

Hand Weapons
 A - the +14 obsidian axe {vorpal, Mesm Drain Fly SInv}
   (You found it in the Dungeon)

   It inflicts extra damage upon your enemies.
   It occasionally summons demons to assist the wielder when it strikes in
   combat.
   Its wielder is mesmerised by any visible foes.
   It cannot be unequipped while any foes are visible.
   SInv:      It lets you see invisible.
   Fly:       It grants you flight.
   Drain:     It drains your maximum health when unequipped.
 D - the +6 shillelagh "Devastator" (weapon) {shatter}
   (You found it in the Dungeon)

   It releases a powerful concussive burst when it strikes, dealing extra damage
   to the target and all other foes adjacent to them.
 G - the +8 sling of Imminent Death {freeze, rN+ Dex+2}
   (You found it in the Dungeon)

   Any ammunition fired from it freezes those it strikes, dealing additional
   cold damage.
   It can also slow down cold-blooded creatures.
   Dex:       It affects your dexterity (+2).
   rN:        It protects you from negative energy.
Armour
 a - +5 gold dragon scales
 B - the +15 Maxwell's patent armour (worn) {-Cast -Tele rElec Will+ rCorr}
   (You found it in the Dungeon)

   rElec:     It insulates you from electricity.
   -Cast:     It prevents spellcasting.
   -Tele:     It prevents most forms of teleportation.
   rCorr:     It protects you from acid and corrosion.
   Will:      It increases your willpower.
 C - the +18 shield of the Gong (worn) {rElec rN+ Will+ EV-5}
   (You found it in the Dungeon)

   It is deafeningly noisy when blocking attacks.
   EV:        It affects your evasion (-5).
   rElec:     It insulates you from electricity.
   rN:        It protects you from negative energy.
   Will:      It increases your willpower.
 H - a +2 helmet of see invisible (worn)
Jewellery
 t - a ring of flight
 u - a +6 ring of dexterity
 v - a +6 ring of dexterity
 w - a +6 ring of intelligence
 x - a +6 ring of intelligence
 y - a +6 ring of strength (left hand)
 z - a +6 ring of strength
 E - the ring of the Camelopard (right hand) {rPois Str+7 Int-5 SInv}
   (You found it in the Dungeon)

   [ring of see invisible]

   Str:       It affects your strength (+7).
   Int:       It affects your intelligence (-5).
   rPois:     It protects you from poison.
   SInv:      It lets you see invisible.
 F - a ring of protection from fire
 I - a +6 ring of dexterity
 J - a ring of positive energy
 K - the ring "Weihywaach" {rPois Dex+6 Stlth+}
   (You found it in the Dungeon)

   [ring of dexterity]

   Dex:       It affects your dexterity (+6).
   rPois:     It protects you from poison.
   Stlth:     It makes you more stealthy.
 L - a +4 ring of evasion
 M - an amulet of magic regeneration
 N - a +4 ring of evasion
 O - a ring of resist corrosion
 P - the ring of Spite {rF+ EV+4 Str+4}
   (You found it in the Dungeon)

   [ring of evasion]

   EV:        It affects your evasion (+4).
   Str:       It affects your strength (+4).
   rF:        It protects you from fire.
Wands
 q - a wand of mindburst (7)
 r - a wand of iceblast (7)
 s - a wand of acid (7)
Scrolls
 b - 4 scrolls of amnesia
 d - 7 scrolls of fog
 i - 4 scrolls of blinking
 j - 5 scrolls of identify
 k - 2 scrolls of fear
Potions
 c - 13 potions of heal wounds
 e - 9 potions of curing
 f - 6 potions of haste
 g - 7 potions of magic
 h - 3 potions of berserk rage
 l - 2 potions of brilliance
 m - 2 potions of invisibility
 n - 4 potions of resistance
 o - a potion of experience
 p - 5 potions of might


   Skills:
 + Level 11.3 Fighting
 + Level 11.0 Short Blades
 + Level 11.0 Long Blades
 + Level 11.0 Axes
 + Level 11.0 Maces & Flails
 + Level 11.0 Polearms
 + Level 11.0 Staves
 + Level 13.7 Ranged Weapons
 + Level 11.0 Throwing
 + Level 11.0 Armour
 + Level 12.7 Dodging
 + Level 11.0 Stealth
 + Level 11.0 Shields
 + Level 11.0 Unarmed Combat
 + Level 11.4 Spellcasting
 + Level 9.3 Conjurations
 + Level 9.3 Hexes
 + Level 9.3 Summonings
 + Level 9.3 Necromancy
 + Level 9.3 Translocations
 + Level 9.5 Transmutations
 + Level 9.3 Fire Magic
 + Level 9.3 Ice Magic
 + Level 9.3 Air Magic
 + Level 9.3 Earth Magic
 + Level 9.3 Poison Magic
 + Level 12.0 Invocations
 + Level 11.0 Evocations


You had 31 spell levels left.
You knew the following spells:

 Your Spells              Type           Power      Damage    Failure   Level
a - Beastly Appendage     Tmut           34%        N/A       5%          1

Your spell library contained the following spells:

 Spells                   Type           Power      Damage    Failure   Level
 Summon Small Mammal      Summ           68%        N/A       6%          1
 Ignite Poison            Fire/Tmut/Pois 17%        N/A       17%         3
 Call Canine Familiar     Summ           17%        N/A       19%         3
 Conjure Flame            Conj/Fire      17%        6-21      19%         3
 Mephitic Cloud           Conj/Pois/Air  17%        N/A       19%         3
 Summon Guardian Golem    Hex/Summ       17%        N/A       19%         3
 Ice Form                 Ice/Tmut       17%        N/A       50%         4
 Hailstorm                Conj/Ice       17%        3d6       52%         4
 Sticky Flame             Conj/Fire      17%        2d4       52%         4
 Alistair's Intoxication  Tmut/Pois      11%        N/A       85%         5
 Iskenderun's Battlesphe  Conj           17%        2d7       86%         5
 Lightning Bolt           Conj/Air       8%         1d21      86%         5
 Conjure Ball Lightning   Conj/Air       8%         3x3d6     100%        6
 Eringya's Noxious Bog    Tmut/Pois      8%         N/A       100%        6
 Iron Shot                Conj/Erth      8%         9d3       100%        6
 Simulacrum               Ice/Necr       8%         N/A       100%        6
 Dragon Form              Tmut           8%         N/A       100%        7
 Spellforged Servitor     Conj/Summ      8%         N/A       100%        7
 Polar Vortex             Ice            8%         N/A       100%        9


Dungeon Overview and Level Annotations

Branches:
Dungeon (1/1)

Altars:
Ashenzari
Cheibriados
Dithmenos
Elyvilon
Fedhas
Gozag
Hepliaklqana
Kikubaaqudgha
Makhleb
Nemelex Xobeh
Okawaru
Qazlal
Ru
Sif Muna
Trog
Uskayaw
Vehumet
Wu Jian
Xom
Yredelemnul
Zin
The Shining One
Jiyva
Lugonu


Innate Abilities, Weirdness & Mutations

You have very sharp teeth.
Your uncanny sense of smell can sniff out nearby items.
Your experience applies equally to all skills.
You are frail. (-10% HP)
Your magical capacity is low. (-10% MP)


Message History

GONNNNG!
You block the spriggan air mage's attack.
GONNNNG!
The wyvern hisses menacingly.
The wyvern bites you but does no damage.
You block the death yak's attack.
BOUMMMMG!
Your Short Blades skill increases to level 11!
Your Long Blades skill increases to level 11!
Your Axes skill increases to level 11!
Your Maces & Flails skill increases to level 11!
Your Polearms skill increases to level 11!
Your Staves skill increases to level 11!
Your Throwing skill increases to level 11!
Your Armour skill increases to level 11!
Your Stealth skill increases to level 11!
Your Shields skill increases to level 11!
Your Unarmed Combat skill increases to level 11!
Your Invocations skill increases to level 12!
Your Evocations skill increases to level 11!
You feel better.
You block the spriggan berserker's attack.
GONNNNG!
You block the polar bear's attack.
PTOANNNG!
The polar bear claws you but does no damage.
You block the polar bear's attack.
BONNNG!
The wyvern bites you but does no damage.
The death yak gores you!!
* * * LOW HITPOINT WARNING * * *
The spriggan berserker hits you but does no damage.
You block the spriggan air mage's attack.
PANG!
The polar bear bites you but does no damage.
The polar bear claws you but does no damage.
The polar bear barely misses you.
The blink frog blinks!
The wyvern bites you but does no damage.
The spriggan air mage hits you with the +4 scimitar of the Charming Gods {speed, rPois rN+ Will+}.
You die...

▓...""))[.▓...|)})..▓.
▓..[[[[)..▓...}[}...▓.
▓.........▓.........▓.
▓.........▓.........▓.
▓.........▓.........▓.
▓.........▓.........▓.
▓....Y§...▓.........▓.
▓...lhY...▓...))....▓.
▓..wi@i.F.▓....©....▓▓
▓▓▓▓▓▓▓▓▓▓▓▓▓▓▓▓▓▓▓▓▓
∆∆∆∆∆∆∆∆ ∆ ∆∆∆∆∆∆∆∆∆∆∆
∆∆∆∆∆∆∆∆∆∆ ∆∆∆∆∆∆∆∆∆∆∆
∆∆∆∆∆∆∆∆∆∆ ∆∆∆∆∆∆∆∆∆∆∆
∆∆∆∆∆ ∆∆∆∆∆ ∆


You could see a death yak (summoned, berserk), an elephant, a torpor snail, a
spriggan berserker (berserk, regenerating, strong-willed), a spriggan air mage
(repels missiles), a polar bear (summoned, berserk), a blink frog and a wyvern.

Vanquished Creatures
  A lich (D)
  A tentacled starspawn (D)
  A necromancer (D)
  3 ugly things (D)
  A black mamba (D)
  4 cane toads (D)
  3 yaktaurs (D)
  A hornet (D)
  A tarantella (D)
  A blink frog (shapeshifter) (D)
  A jumping spider (shapeshifter) (D)
  A shadow (D)
  A jumping spider (D)
  4 spriggans (D)
  A wyvern (D)
  A basilisk (D)
  2 neqoxecs (D)
  4 nagas (D)
  4 water moccasins (D)
  2 orc warriors (D)
  3 black bears (D)
  A centaur (D)
  2 wolves (D)
  A phantom (D)
  3 necrophages (D)
  A bullfrog (D)
  3 scorpions (D)
  A wight (D)
  An orc priest (D)
  3 orc wizards (D)
  An iguana (D)
  An adder (D)
  A river rat (D)
  A shadow imp (D)
  A ball python (D)
  3 bat skeletons (D)
  3 jackals (D)
  A ball python skeleton (D)
  A quokka skeleton (D)
70 creatures vanquished.

Vanquished Creatures (others)
  2 starspawn tentacles (D)
2 creatures vanquished.

Grand Total: 72 creatures vanquished

Notes
Turn   | Place    | Note
-------+----------+-------------------------------------------
     0 | D        | Groucho the Gnoll Wanderer began the quest for the Orb.
     0 | D        | Groucho set off with the following items: a +0 shortbow, a
                  | +0 cloak, 2 potions of heal wounds, a +0 robe, a potion of
                  | curing, a potion of haste, 2 potions of magic, a potion of
                  | berserk rage, a scroll of blinking; and the following spell
                  | memorised: Beastly Appendage; and the following spells
                  | available to memorise: Ignite Poison.
     0 | D        | Reached XP level 1. HP: 17/17 MP: 4/4
     0 | D        | Found a blossoming altar of Fedhas.
     0 | D        | Found the +6 Majin-Bo {vamp, MP+6 Int+6}
     0 | D        | Found the +9 heavy crossbow "Sniper" {vorpal, Acc+∞ SInv}
     0 | D        | Found the +10 dark maul {vorpal}
     0 | D        | Found the +15 Maxwell's patent armour {-Cast -Tele rElec
                  | Will+ rCorr}
     0 | D        | Found the +18 shield of the Gong {rElec rN+ Will+ EV-5}
     0 | D        | Found the +14 obsidian axe {vorpal, Mesm Drain Fly SInv}
     0 | D        | Found the +7 great mace "Firestarter" {inner flame, rF++}
     0 | D        | Found the +6 shillelagh "Devastator" {shatter}
     0 | D        | Found the +11 plutonium sword {Contam Stlth-}
     0 | D        | Found the +8 lance "Wyrmbane" {slay drac, rPois rF+ rC+
                  | AC+3}
     0 | D        | Found the +9 sword of Zonguldrok {reap}
     0 | D        | Found the +13 scythe of Curses {drain, Drain}
     0 | D        | Found the +5 sword of Power {vorpal}
     0 | D        | Found the +7 mace of Variability {chain chaos}
     0 | D        | Found the +7 Singing Sword {vorpal, sonic wave}
     0 | D        | Found the +8 storm bow {elec, penet}
    21 | D        | Found a viscous altar of Jiyva.
    21 | D        | Found a hazy altar of Hepliaklqana.
    21 | D        | Found a transporter.
    21 | D        | Found an opulent altar of Gozag.
    21 | D        | Found an ancient bone altar of Kikubaaqudgha.
    21 | D        | Found a corrupted altar of Lugonu.
    27 | D        | Found a burning altar of Makhleb.
    28 | D        | Found a stormy altar of Qazlal.
    28 | D        | Found a sacrificial altar of Ru.
    28 | D        | Found an iron altar of Okawaru.
    28 | D        | Found a shimmering blue altar of Sif Muna.
    28 | D        | Found a sparkling altar of Nemelex Xobeh.
    28 | D        | Found a bloodstained altar of Trog.
    69 | D        | Entered arena 2.
    69 | D        | Noticed a tentacled starspawn
    69 | D        | Found a transporter.
    72 | D        | Reached skill level 1 in Short Blades
    72 | D        | Reached skill level 1 in Long Blades
    72 | D        | Reached skill level 1 in Axes
    72 | D        | Reached skill level 1 in Maces & Flails
    72 | D        | Reached skill level 1 in Polearms
    72 | D        | Reached skill level 1 in Staves
    72 | D        | Reached skill level 1 in Throwing
    72 | D        | Reached skill level 1 in Armour
    72 | D        | Reached skill level 1 in Stealth
    72 | D        | Reached skill level 1 in Shields
    72 | D        | Reached skill level 1 in Unarmed Combat
    72 | D        | Reached skill level 1 in Invocations
    72 | D        | Reached skill level 1 in Evocations
    72 | D        | Reached XP level 2. HP: 4/23 MP: 6/6
    77 | D        | Killed a tentacled starspawn
    78 | D        | Reached skill level 10 in Ranged Weapons
    78 | D        | Reached skill level 5 in Conjurations
    78 | D        | Reached skill level 5 in Hexes
    78 | D        | Reached skill level 5 in Summonings
    78 | D        | Reached skill level 5 in Necromancy
    78 | D        | Reached skill level 5 in Translocations
    78 | D        | Reached skill level 5 in Transmutations
    78 | D        | Reached skill level 5 in Fire Magic
    78 | D        | Reached skill level 5 in Ice Magic
    78 | D        | Reached skill level 5 in Air Magic
    78 | D        | Reached skill level 5 in Earth Magic
    78 | D        | Reached skill level 5 in Poison Magic
    78 | D        | Reached XP level 3. HP: 31/36 MP: 6/11
    78 | D        | Reached XP level 4. HP: 37/43 MP: 7/13
    78 | D        | Reached XP level 5. HP: 42/48 MP: 7/14
    78 | D        | Reached XP level 6. HP: 48/55 MP: 8/16
    78 | D        | Reached XP level 7. HP: 52/60 MP: 8/17
    78 | D        | Reached XP level 8. HP: 59/67 MP: 8/18
   119 | D        | Got the ring of the Camelopard {rPois Str+7 Int-5 SInv}
   246 | D        | Entered arena 3.
   246 | D        | Found a transporter.
   258 | D        | Got the Tome of Anaesthesia
   261 | D        | Entered arena 4.
   261 | D        | Noticed a yaktaur
   261 | D        | Noticed a yaktaur
   261 | D        | Noticed a yaktaur
   261 | D        | Found a transporter.
   267 | D        | Reached skill level 11 in Ranged Weapons
   272 | D        | Killed a yaktaur
   272 | D        | Killed a yaktaur
   273 | D        | Reached skill level 10 in Dodging
   273 | D        | Reached XP level 9. HP: 74/74 MP: 19/21
   273 | D        | Killed a yaktaur
   285 | D        | Entered arena 5.
   285 | D        | Found a transporter.
   298 | D        | Got the +8 sling of Imminent Death {freeze, rN+ Dex+2}
   300 | D        | Entered arena 6.
   300 | D        | Noticed a tarantella
   300 | D        | Found a transporter.
   304 | D        | Killed a tarantella
   327 | D        | Entered arena 7.
   327 | D        | Found the +12 glaive of Prune {vorpal}
   327 | D        | Noticed a cane toad
   328 | D        | Found a transporter.
   336 | D        | Killed a cane toad
   338 | D        | Reached skill level 12 in Ranged Weapons
   343 | D        | Reached XP level 10. HP: 49/83 MP: 23/23
   639 | D        | Entered arena 8.
   641 | D        | Found a transporter.
   663 | D        | Got the ring "Weihywaach" {rPois Dex+6 Stlth+}
   665 | D        | Got Xunn's Omnibus of Intoxicating Graupel
   673 | D        | Entered arena 9.
   673 | D        | Noticed a white ugly thing
   673 | D        | Noticed a cyan ugly thing
   673 | D        | Noticed a cyan ugly thing
   683 | D        | Killed a white ugly thing
   683 | D        | Gained mutation: You are frail. (-10% HP) [a neqoxec]
   685 | D        | Reached skill level 10 in Invocations
   685 | D        | Killed a white ugly thing
   687 | D        | Gained mutation: Your magical capacity is low. (-10% MP) [a
                  | neqoxec]
   691 | D        | Killed a cyan ugly thing
   692 | D        | Reached skill level 10 in Spellcasting
   693 | D        | Reached skill level 10 in Fighting
   693 | D        | Found a transporter.
   839 | D        | Entered arena 10.
   839 | D        | Noticed a black mamba
   840 | D        | Found a transporter.
   844 | D        | Killed a black mamba
  1062 | D        | Entered arena 11.
  1062 | D        | Found the +9 staff of Olgreb {rPois∞}
  1062 | D        | Noticed a spriggan rider
  1063 | D        | Found a transporter.
  1067 | D        | Reached skill level 10 in Short Blades
  1067 | D        | Reached skill level 10 in Long Blades
  1067 | D        | Reached skill level 10 in Axes
  1067 | D        | Reached skill level 10 in Maces & Flails
  1067 | D        | Reached skill level 10 in Polearms
  1067 | D        | Reached skill level 10 in Staves
  1067 | D        | Reached skill level 10 in Throwing
  1067 | D        | Reached skill level 10 in Armour
  1067 | D        | Reached skill level 10 in Stealth
  1067 | D        | Reached skill level 10 in Shields
  1067 | D        | Reached skill level 10 in Unarmed Combat
  1067 | D        | Reached skill level 10 in Evocations
  1067 | D        | Reached XP level 11. HP: 82/82 MP: 22/22
  1070 | D        | Reached skill level 13 in Ranged Weapons
  1099 | D        | Entered arena 12.
  1099 | D        | Noticed a lich
  1099 | D        | Noticed a necromancer
  1115 | D        | Killed a necromancer
  1121 | D        | Killed a lich
  1128 | D        | Found a transporter.
  1141 | D        | Got the Atlas of Shapeshifting and Battle Magic
  1143 | D        | Got the ring of Spite {rF+ EV+4 Str+4}
  1312 | D        | Entered arena 13.
  1312 | D        | Noticed a spriggan berserker
  1313 | D        | Identified the +4 scimitar of the Charming Gods {speed,
                  | rPois rN+ Will+}
  1313 | D        | Noticed a spriggan air mage
  1316 | D        | Noticed a death yak
  1323 | D        | HP: 1/83 [death yak[a spriggan berserker] (24)]
  1323 | D        | Slain by a spriggan air mage

Illustrated notes

Levels and vault maps discovered:
D:        sprint_v [room_start, room_1, room_2, room_3, room_4, room_5, room_6,
          room_7, room_8, room_9, room_10, room_11, room_12, room_13, room_14,
          room_15, room_16, room_17, room_18, room_19, room_20, room_21,
          room_22, room_23, room_24, room_25, room_26, room_27]

Skill      XL: |  1  2  3  4  5  6  7  8  9 10 11 |
---------------+----------------------------------+-----
Short Blades   | 1 6 7 8 10 11 | 11.0
Long Blades    | 1 6 7 8 10 11 | 11.0
Axes           | 1 6 7 8 10 11 | 11.0
Maces & Flails | 1 6 7 8 10 11 | 11.0
Polearms       | 1 6 7 8 10 11 | 11.0
Staves         | 1 6 7 8 10 11 | 11.0
Throwing       | 1 6 7 8 10 11 | 11.0
Armour         | 1 6 7 8 10 11 | 11.0
Stealth        | 1 6 7 8 10 11 | 11.0
Shields        | 1 6 7 8 10 11 | 11.0
Unarmed Combat | 1 6 7 8 10 11 | 11.0
Spellcasting   | 3 7 8 9 10 11 | 11.4
Transmutations | 2 5 6 7 8 9 |  9.5
Invocations    | 1 7 8 9 10 12 | 12.0
Evocations     | 1 6 7 8 10 11 | 11.0
Fighting       | 7 8 9 10 11 | 11.3
Ranged Weapons | 10 11 12 13 | 13.7
Dodging        | 9 10 11 12 | 12.7
Conjurations   | 5 6 7 8 9 |  9.3
Hexes          | 5 6 7 8 9 |  9.3
Summonings     | 5 6 7 8 9 |  9.3
Necromancy     | 5 6 7 8 9 |  9.3
Translocations | 5 6 7 8 9 |  9.3
Fire Magic     | 5 6 7 8 9 |  9.3
Ice Magic      | 5 6 7 8 9 |  9.3
Air Magic      | 5 6 7 8 9 |  9.3
Earth Magic    | 5 6 7 8 9 |  9.3
Poison Magic   | 5 6 7 8 9 |  9.3

Action                   |  1- 3 |  4- 6 |  7- 9 | 10-12 || total
-------------------------+-------+-------+-------+-------++-------
Melee: Shillelagh        |     5 |       |    30 |    76 ||   111
       Bite              |       |       |     3 |    12 ||    15
  Use: Potion            |     2 |       |       |     1 ||     3
Armor: Plate armour      |     2 |       |    16 |    58 ||    76
Dodge: Dodged            |       |       |     4 |    22 ||    26
Block: Kite shield       |    14 |       |    66 |   180 ||   260
